 Dungeon Crawl Stone Soup version 0.29.1-1-gd02db6906a (webtiles) character file.

Game seed: 1410044787092957327

1706 EvilAshe the Carver (level 9, 0/63 HPs)
             Began as a Human Fighter on Oct 4, 2022.
             Was an Initiate of Wu Jian.
             Killed from afar by a steam dragon (11 damage)
             ... with a ball of steam
             ... on level 4 of the Dungeon.
             The game lasted 00:17:58 (7250 turns).

EvilAshe the Carver (Human Fighter)                 Turns: 7250, Time: 00:17:59

Health: 0/63       AC: 12    Str: 17    XL:     9   Next: 23%
Magic:  9/9        EV:  6    Int:  8    God:    Wu Jian [......]
Gold:   330        SH:  5    Dex: 17    Spells: 8/8 levels left

rFire   . . .      SeeInvis .   a - +0 long sword
rCold   . . .      Faith    .   c - +0 buckler
rNeg    . . .      Spirit   .   i - +0 chain mail
rPois   +          Reflect  .   s - +0 helmet
rElec   .          Harm     .   y - +0 cloak
rCorr   +          Rampage  .   I - +0 pair of gloves
Will    .....                   (no boots)
Stlth   ..........              (no amulet)
HPRegen 0.20/turn               n - ring of poison resistance
MPRegen 0.11/turn               E - ring of resist corrosion

@: mighty
A: no striking features
a: Renounce Religion


You were on level 4 of the Dungeon.
You worshipped Wu Jian.
Wu Jian was noncommittal.
You visited 1 branch of the dungeon, and saw 6 of its levels.

You collected 330 gold pieces.

Inventory:

Hand Weapons
 a - a +0 long sword (weapon)
 z - a +0 long sword
Missiles
 F - 4 poisoned darts (quivered)
Armour
 c - a +0 buckler (worn)
 i - a +0 chain mail (worn)
 s - a +0 helmet (worn)
 y - a +0 cloak (worn)
 I - a +0 pair of gloves (worn)
Jewellery
 n - a ring of poison resistance (left hand)
 E - a ring of resist corrosion (right hand)
 G - a ring of see invisible
Scrolls
 b - a scroll of fear {unknown}
 d - a scroll of poison {unknown}
 f - 3 scrolls of teleportation {unknown}
 g - a scroll of fog
 h - 2 scrolls of immolation
 m - a scroll of enchant armour {unknown}
 o - a scroll of vulnerability {unknown}
 p - 2 scrolls of enchant weapon {unknown}
 v - a scroll of brand weapon {unknown}
 x - a scroll of summoning {unknown}
 H - a scroll of magic mapping {unknown}
 J - a scroll of blinking {unknown}
 K - a scroll of amnesia {unknown}
Potions
 e - 2 potions of mutation
 j - 2 potions of haste
 k - a potion of curing
 l - 2 potions of flight
 q - a potion of magic {unknown}
 r - 2 potions of brilliance {unknown}
 t - a potion of attraction {unknown}
 u - a potion of lignification {unknown}
 w - a potion of heal wounds {unknown}
 A - a potion of invisibility {unknown}
 B - a potion of degeneration {unknown}
 C - a potion of berserk rage {unknown}


   Skills:
 - Level 3.0 Fighting
 * Level 11.4 Long Blades
 - Level 3.0 Armour
 - Level 3.0 Shields


You had 8 spell levels left.
You didn't know any spells.
Your spell library contained the following spells:

 Spells                   Type           Power      Damage    Failure   Level
 Apportation              Tloc           0%         N/A       100%        1
 Necrotise                Necr           0%         1d4       100%        1
 Summon Small Mammal      Summ           0%         N/A       100%        1


Dungeon Overview and Level Annotations

Branches:
Dungeon (6/15)
 Temple: D:4-7

Altars:
Ashenzari
Cheibriados
Gozag
Hepliaklqana
Okawaru
Qazlal
Ru
Sif Muna
Trog
Vehumet
Wu Jian
The Shining One

Annotations:
D:4 Menkaure
D:6 Maggie


Message History

You lunge at the steam dragon, in a flurry of attacks.
You barely miss the steam dragon. You closely miss the steam dragon.
The steam dragon breathes steam at you. The ball of steam hits you!
You closely miss the steam dragon.
You are engulfed in a cloud of scalding steam.
The steam dragon bites you but does no damage.
The steam dragon claws you.
You are too injured to fight recklessly!
You are too injured to fight recklessly!
You are too injured to fight recklessly!
You hit the steam dragon but do no damage.
You are engulfed in a cloud of scalding steam.
The steam dragon bites you but does no damage.
The steam dragon claws you.
You are engulfed in a cloud of scalding steam.
The steam dragon barely misses you.
The steam dragon claws you but does no damage.
The steam dragon breathes steam at you. The ball of steam hits you!
* * * LOW HITPOINT WARNING * * *
The steam dragon bites you but does no damage.
The steam dragon claws you but does no damage.
You hit the steam dragon.
The steam dragon is lightly wounded.
You block the steam dragon's attack.
The steam dragon claws you but does no damage.
You closely miss the steam dragon.
The steam dragon is lightly wounded.
The steam dragon bites you.
* * * LOW HITPOINT WARNING * * *
The steam dragon claws you but does no damage.
You closely miss the steam dragon.
The steam dragon is lightly wounded.
The steam dragon bites you but does no damage.
The steam dragon claws you but does no damage.
You feel very mighty all of a sudden. The steam dragon breathes steam at you.
The ball of steam hits you!
You die...

###.### #.............#....
###...#.####..................
##...#.....#...................
#..####........................
##..###......................##
#....................#..#...##
###..)..............##........
#...##.........##..#......#..
#...##......@D.##.......####.
##......................# #.
#..#.......###....###..# ##.
#>........## #§.#####..###..
###...§....## ##..# #..##.##.
##..........####...## .......#
#........§..........#####....##
#....##.###...##.#..##.###.####
#....#..#.##.#####..#....#..##.


You could see a steam dragon (catching breath).

Vanquished Creatures
  Pikel (D:5)
  Sigmund (D:3)
  Eustachio (D:4)
  A black bear (D:6)
  An ogre (D:5)
  A centaur (D:5)
  2 lemures (D:4)
  2 scorpions
  2 vampire bats (D:4)
  A howler monkey (D:6)
  3 hounds
  2 jellies
  Jessica (D:3)
  An iguana (D:5)
  4 orc wizards
  Robin (D:3)
  5 adders
  A white imp (D:5)
  2 worms
  A dart slug (D:1)
  8 orcs
  11 bats
  8 endoplasms
  5 giant cockroaches
  14 goblins
  5 hobgoblins
  4 jackals (D:3)
  A quokka (D:4)
  5 ball pythons
  4 frilled lizards
  9 kobolds
  7 rats
115 creatures vanquished.

Vanquished Creatures (others)
  A kobold (D:4)
1 creature vanquished.

Grand Total: 116 creatures vanquished

Notes
Turn   | Place    | Note
-------+----------+-------------------------------------------
     0 | D:1      | EvilAshe the Human Fighter began the quest for the Orb.
     0 | D:1      | Reached XP level 1. HP: 18/18 MP: 1/1
   190 | D:1      | Reached XP level 2. HP: 22/24 MP: 2/2
   293 | D:1      | Reached skill level 3 in Long Blades
   566 | D:1      | Reached XP level 3. HP: 29/29 MP: 3/3
  1644 | D:2      | Reached skill level 4 in Long Blades
  1644 | D:2      | Reached XP level 4. HP: 35/35 MP: 4/4
  2630 | D:3      | Noticed Sigmund
  2686 | D:3      | Noticed Robin
  2820 | D:3      | Killed Robin
  2831 | D:3      | Reached XP level 5. HP: 41/41 MP: 5/5
  2906 | D:3      | Noticed Jessica
  2913 | D:3      | Killed Jessica
  2914 | D:3      | Reached skill level 5 in Long Blades
  3337 | D:3      | Found a faded altar of an unknown god.
  3802 | D:4      | Noticed Eustachio
  4127 | D:4      | Reached XP level 6. HP: 40/47 MP: 6/6
  4198 | D:4      | Noticed a steam dragon
  4257 | D:4      | Found a snail-covered altar of Cheibriados.
  4263 | D:4      | Found a broken altar of Ashenzari.
  4264 | D:4      | Found a radiant altar of Vehumet.
  4265 | D:4      | Found a bloodstained altar of Trog.
  4267 | D:4      | Found a hazy altar of Hepliaklqana.
  4267 | D:4      | Found an ornate altar of the Wu Jian Council.
  4272 | D:4      | Found a sacrificial altar of Ru.
  4283 | D:4      | Became a worshipper of the Wu Jian Council
  4316 | D:4      | Found a stormy altar of Qazlal.
  4331 | D:4      | Noticed Menkaure
  4354 | D:5      | Entered Level 5 of the Dungeon
  4603 | D:5      | Reached skill level 6 in Long Blades
  4844 | D:5      | Noticed Pikel
  4978 | D:4      | Killed Eustachio
  4979 | D:4      | Reached skill level 7 in Long Blades
  4979 | D:4      | Reached XP level 7. HP: 31/52 MP: 7/7
  5145 | D:5      | Killed Pikel
  5146 | D:5      | Reached skill level 9 in Long Blades
  5146 | D:5      | Reached XP level 8. HP: 28/58 MP: 8/8
  5669 | D:5      | Found an iron altar of Okawaru.
  5891 | D:6      | Reached skill level 10 in Long Blades
  6519 | D:6      | Found an opulent altar of Gozag.
  6534 | D:6      | Reached XP level 9. HP: 63/63 MP: 9/9
  6534 | D:6      | Found a glowing golden altar of the Shining One.
  6535 | D:6      | Found a shimmering blue altar of Sif Muna.
  6575 | D:6      | Noticed Maggie
  7014 | D:3      | Killed Sigmund
  7015 | D:3      | Reached skill level 11 in Long Blades
  7250 | D:4      | Killed from afar by a steam dragon

Illustrated notes

Levels and vault maps discovered:
D:1:      psy_arrival_terrarium, layout_basic, minmay_misc_feat_cross,
          kennysheep_minor_cross, grunt_decor_clamped
D:2:      layout_basic, kennysheep_generic_room_10
D:3:      layout_basic, hellmonk_ecumenical_altar_zigzags, uniq_jessica,
          uniq_robin, uniq_sigmund
D:4:      layout_cave_pools, overflow_temple_1_default,
          nicolae_overflow_hallway_of_the_gods, roderic_batcave,
          hangedman_decor_peaks_small, uniq_menkaure, uniq_eustachio
D:5:      layout_rooms, okawaru_trees_2, uniq_pikel
D:6:      layout_loops_ring, minitemple, minmay_temple_entry_fiery,
          nicolae_benzene_ring, kennysheep_small_circle, uniq_duvessa,
          uniq_maggie

Skill      XL: |  1  2  3  4  5  6  7  8  9 |
---------------+----------------------------+-----
Long Blades    | 3 4 5 7 9 10 11 | 11.4
Fighting       | |  3.0
Armour         | |  3.0
Shields        | |  3.0

Action                   |  1- 3 |  4- 6 |  7- 9 || total
-------------------------+-------+-------+-------++-------
Melee: Long sword        |   122 |   190 |   137 ||   449
Throw: Dart              |       |       |     5 ||     5
Invok: Lunge             |       |     2 |     5 ||     7
  Use: Scroll            |       |     5 |     2 ||     7
       Potion            |       |       |     2 ||     2
Armor: Scale mail        |    24 |       |       ||    24
       Chain mail        |    59 |   130 |    72 ||   261
Dodge: Dodged            |    51 |    87 |    24 ||   162
Block: Buckler           |    23 |    59 |    27 ||   109
